 Dungeon Crawl Stone Soup version 0.31-a0-532-g28f74ba3e5 (webtiles) character file.

Game seed: 5986457003745344234

350 bobo the Ruffian (level 6, -1/51 HPs)
             Began as a Draconian Shapeshifter on Aug 12, 2023.
             Was a Follower of Lugonu.
             Killed by divine providence
             ... invoked by an orc priest
              (13 damage)
             ... on level 3 of the Dungeon.
             The game lasted 00:03:56 (2004 turns).

bobo the Ruffian (Draconian Shapeshifter)           Turns: 2004, Time: 00:03:57

Health: -1/51      AC:  6    Str: 20    XL:     6   Next: 34%
Magic:  7/7        EV: 12    Int:  8    God:    Lugonu [*.....]
Gold:   99         SH:  0    Dex: 11    Spells: 5/5 levels left

rFire   . .          .
                       - Unarmed
rCold   . . .        (no shield)
rNeg    . . .        (body armour unavailable)
rPois   .            (helmet currently unavailable)
rElec   .            (cloak currently unavailable)
rCorr   .            (gloves currently unavailable)
SInv    .            (boots currently unavailable)
Will    .....        (no amulet)
Stlth   +            (no ring)
HPRegen 0.28/turn    (no ring)
MPRegen 0.10/turn

%: no passive effects
@: beast-form
A: beast (slay +2), AC +6, unfitting armour, cold-blooded
a: Begin Untransformation, Renounce Religion, Depart the Abyss


You were on level 3 of the Dungeon.
You worshipped Lugonu.
Lugonu was aware of your devotion.
You were a hulking beast.
You visited 1 branch of the dungeon, and saw 3 of its levels.

You collected 99 gold pieces.

Inventory:

Talismans
 b - a beast talisman (active)
 c - a flux talisman
Scrolls
 d - 3 scrolls of teleportation {unknown}
 f - a scroll of silence {unknown}
 h - a scroll of fear {unknown}
 i - a scroll of noise {unknown}
 j - 2 scrolls of vulnerability {unknown}
 k - 3 scrolls of identify {unknown}
 l - a scroll of revelation {unknown}
Potions
 a - 2 potions of lignification
 e - 2 potions of might {unknown}
 g - a potion of magic {unknown}


   Skills:
 + Level 3.3 Fighting
 - Level 3.1 Dodging
 + Level 4.2 Unarmed Combat
 + Level 2.2 Invocations
 * Level 4.0 Shapeshifting


You had 5 spell levels left.
You didn't know any spells.
Your spell library contained the following spells:

 Spells                   Type           Power      Damage    Failure   Level
 Hailstorm                Conj/Ice       0%         3d3       78%         3
 Ozocubu's Armour         Ice            0%         N/A       78%         3
 Vhi's Electric Charge    Tloc/Air       0%         N/A       78%         3
 Summon Ice Beast         Ice/Summ       0%         N/A       99%         4
 Arcjolt                  Conj/Air       0%         1d10      100%        5
 Metabolic Englaciation   Hex/Ice        0%         N/A       100%        5
 Simulacrum               Ice/Necr       0%         N/A       100%        6
 Haunt                    Necr/Summ      0%         N/A       100%        7
 Borgnjor's Revivificati  Necr           0%         N/A       100%        8
 Maxwell's Capacitive Co  Air            0%         ∞         100%        8
 Death's Door             Necr           0%         N/A       100%        9


Dungeon Overview and Level Annotations

Branches:
Dungeon (3/15)

Altars:
Lugonu

Shops:
D:2 (   D:3 ?


Innate Abilities, Weirdness & Mutations

You are a hulking beast.
Your limbs bulge with bestial killing power. (Slay +2)
Your plain brown scales are hard. (AC +6)
You cannot fit into any form of body armour.
You are cold-blooded and may be slowed by cold attacks.


Message History

The orc attacks as you move away! The orc hits you but does no damage.
There is a stone staircase leading down here.
The orc attacks as you move away! The orc hits you with a +0 flail.
You see here a +0 trident.
Okay, then.
You hit the orc.
You kill the orc!
Lugonu accepts your kill. The orc wizard casts a spell at you.
The magic dart hits you.
You punch the orc!
You kill the orc!
Lugonu accepts your kill.
You hit the orc wizard but do no damage.
The orc wizard hits you but does no damage.
You hit the orc wizard.
The orc wizard is lightly wounded.
The orc wizard hits you with a +0 dagger.
You closely miss the orc wizard.
The orc wizard is lightly wounded.
The orc wizard closely misses you.
You hit the orc wizard.
Your tail-slap misses the orc wizard.
The orc wizard is severely wounded.
The orc wizard hits you but does no damage.
You closely miss the orc wizard.
The orc wizard is severely wounded.
The orc wizard hits you with a +0 dagger.
You closely miss the orc wizard.
The orc wizard is severely wounded.
The orc wizard hits you with a +0 dagger.
You hit the orc wizard.
You kill the orc wizard!
Lugonu accepts your kill.
The orc priest mumbles some strange prayers to Beogh against you.
Pain shoots through your body!
* * * LOW HITPOINT WARNING * * *
Your Shapeshifting skill increases to level 4!
The orc priest mumbles some strange prayers to Beogh against you.
Beogh smites you!
You die...

.#. ... . #. ..####.# .#
#.#.#....#.####.###
....#....[........#
..#.#.....#.....# ..
∩........##.....# .##
#......##.....# ..
#...oh).....## #.
#...†##......# #.###
#....##......# #..<##
..........##......#####....
..........##........###.)..
.......############..##....
#...... ##....... .......
####^... #..?... #....


You could see an orc priest.

Vanquished Creatures
  Sigmund (D:2)
  Terence (D:3)
  Natasha (thrice) (D:2)
  An orc wizard (D:3)
  An adder (D:2)
  A worm (D:2)
  A dart slug (D:2)
  3 orcs (D:3)
  5 endoplasms
  3 giant cockroaches (D:1)
  8 goblins
  3 hobgoblins
  4 jackals (D:2)
  3 ball pythons
  2 bats
  4 frilled lizards
  8 kobolds
  2 rats (D:1)
54 creatures vanquished.

Notes
Turn   | Place    | Note
-------+----------+-------------------------------------------
     0 | D:1      | bobo the Draconian Shapeshifter began the quest for the
                  | Orb.
     0 | D:1      | Reached XP level 1. HP: 16/16 MP: 1/1
   303 | D:1      | Reached XP level 2. HP: 21/23 MP: 2/2
   912 | D:2      | Noticed Sigmund
   979 | D:2      | Noticed Natasha
   990 | D:2      | Killed Natasha
   991 | D:2      | Reached XP level 3. HP: 14/29 MP: 3/3
   994 | D:2      | Upgraded the game from 0.31-a0-523-g071a6c1ffa to
                  | 0.31-a0-532-g28f74ba3e5
  1007 | D:2      | Found a faded altar of an unknown god.
  1076 | D:2      | Prayed at the altar of an unknown god.
  1076 | D:2      | Became a worshipper of Lugonu the Unformed
  1076 | D:2      | Reached * piety under Lugonu
  1104 | D:2      | Reached XP level 4. HP: 22/36 MP: 4/4
  1106 | D:2      | Noticed Natasha
  1118 | D:2      | Killed Natasha
  1215 | D:2      | Noticed Natasha
  1221 | D:2      | Killed Natasha
  1222 | D:2      | Reached skill level 1 in Invocations
  1280 | D:2      | Killed Sigmund
  1281 | D:2      | Reached XP level 5. HP: 29/45 MP: 4/6
  1281 | D:2      | Reached XP level 6. HP: 32/51 MP: 4/7
  1414 | D:2      | Found Diwkiuq's Weapon Shoppe.
  1916 | D:3      | Noticed Terence
  1930 | D:3      | Killed Terence
  1991 | D:3      | Found Luvumed's Magic Scroll Shop.
  2004 | D:3      | Killed from afar by an orc priest

Illustrated notes

Levels and vault maps discovered:
D:1:      dpeg_arrival_long_road, layout_basic
D:2:      layout_loops_ring, serial_shops, shop,
          hellmonk_ecumenical_altar_dog_temple, uniq_natasha, uniq_sigmund
D:3:      layout_rooms, serial_shops, shop, kennysheep_flooded_box, uniq_terence

Skill      XL: |  1  2  3  4  5  6 |
---------------+-------------------+-----
Dodging        | 2 3 |  3.1
Fighting       | 2 3 |  3.3
Invocations    | 2 |  2.2
Unarmed Combat | 4 |  4.2
Shapeshifting  | 4 |  4.0

Action                     |  1- 3 |  4- 6 || total
---------------------------+-------+-------++-------
  Melee: Unarmed           |    96 |    71 ||   167
         Tailslap          |     8 |     7 ||    15
         Punch             |       |     2 ||     2
    Use: Potion            |       |     1 ||     1
   Stab: Sleeping          |     1 |       ||     1
         Distracted        |       |     1 ||     1
 Armour: Skin              |    20 |    15 ||    35
  Dodge: Dodged            |    46 |    20 ||    66

Table legend: (Time is in decaauts)
 A = Elapsed time spent in this place.
 B = Non-inter-level travel time spent in this place.
 C = Inter-level travel time spent in this place.
 D = Time resting spent in this place.
 E = Time spent auto-exploring this place.
 F = Levels seen in this place.
 G = Mean time per level.
                   A        B        C        D        E       F      G
               +--------+--------+--------+--------+--------+-----+--------+
         Total |   2003 |   1877 |    126 |     24 |   1516 |   3 |  667.7 |
       Dungeon |   2003 |   1877 |    126 |     24 |   1516 |   3 |  667.7 |
               +--------+--------+--------+--------+--------+-----+--------+

Top non-repeatable levels by time:
     D:2: 969 daAuts
     D:1: 948 daAuts
     D:3: 85 daAuts
